 Dungeon Crawl Stone Soup version 0.19.0-2-gae57169 (webtiles) character file.

298 Patchouli the Magician (level 6, -13/34 HPs)
             Began as a Deep Elf Wizard on Nov 6, 2016.
             Mangled by Jerry's ghost (22 damage)
             ... on level 5 of the Dungeon.
             The game lasted 00:17:19 (3342 turns).

Patchouli the Magician (Deep Elf Wizard)            Turns: 3342, Time: 00:17:20

Health: -13/34     AC:  2    Str:  4    XL:     6   Next: 13%
Magic:  17/17      EV: 13    Int: 25    God:
Gold:   160        SH:  0    Dex: 13    Spells: 5 memorised, 6 levels left

rFire  + . .     SeeInvis .     k - +1 dagger (drain)
rCold  . . .     Gourm    .     a - +0 robe
rNeg   . . .     Faith    .     (no shield)
rPois  .         Spirit   .     b - +0 hat
rElec  .         Reflect  .     (no cloak)
rCorr  .         Harm     .     (no gloves)
MR     .....                    (no boots)
Stlth  ++........               (no amulet)
                                (no ring)
                                i - ring of protection from fire

@: no status effects
A: no striking features
a: no special abilities


You were on level 5 of the Dungeon.
You were not hungry.

You visited 1 branch of the dungeon, and saw 5 of its levels.
You also visited: Sewer.

You collected 160 gold pieces.

Inventory:

Hand Weapons
 k - a +1 dagger of draining (weapon)
 p - a +0 morningstar of holy wrath
 s - a cursed -2 mace
Missiles
 r - 3 tomahawks of returning (quivered)
Armour
 a - a +0 robe (worn)
 b - a +0 hat (worn)
 g - a +0 helmet
Jewellery
 i - a ring of protection from fire (left hand)
Scrolls
 l - a scroll of remove curse
 n - 3 scrolls of identify {unknown}
 q - 4 scrolls of amnesia {unknown}
 v - a scroll of teleportation
Potions
 e - 3 potions of heal wounds {unknown}
 h - a potion of haste
 m - 3 potions of curing {unknown}
 o - 2 potions of magic {unknown}
 t - 2 potions of might {unknown}
 u - 2 potions of degeneration {unknown}
Books
 c - a book of Minor Magic

   Spells                             Type                      Level
   a - Magic Dart                     Conjuration                  1
   b - Blink                          Translocation                2
   c - Call Imp                       Summoning                    2
   d - Repel Missiles                 Charms/Air                   2
   e - Slow                           Hexes                        2
   f - Conjure Flame                  Conjuration/Fire             3
   g - Mephitic Cloud                 Conjuration/Poison/Air       3
Comestibles
 d - 2 bread rations
 f - 3 meat rations
 j - 4 chunks of flesh


   Skills:
 + Level 1.0 Fighting
 + Level 3.3 Dodging
 - Level 2.4 Stealth
 * Level 6.0 Spellcasting
 * Level 3.1 Conjurations
 * Level 2.1 Summonings
 + Level 2.4 Translocations
 + Level 1.5 Fire Magic
 + Level 0.4 Air Magic
 + Level 1.5 Poison Magic


You had 6 spell levels left.
You knew the following spells:

 Your Spells              Type           Power        Failure   Level  Hunger
a - Magic Dart            Conj           ###.         1%          1    None
b - Call Imp              Summ           ###.....     6%          2    None
c - Conjure Flame         Conj/Fire      ###.....     12%         3    None
d - Mephitic Cloud        Conj/Pois/Air  ###.....     12%         3    None
k - Blink                 Tloc           N/A          6%          2    None


Dungeon Overview and Level Annotations

Branches:
Dungeon (5/15)
 Temple: D:4-7

Altars:

Annotations:
D:5 Jerry's ghost, novice MiBe


Message History

Unknown command.
Unknown command.
Okay, then.
You enter the shallow water.
Moving in this stuff is going to be slow.
You see here a rat corpse.
You see here a rat corpse.
You butcher the rat corpse.
j - 4 chunks of flesh (gained 1)
There is a gate leading back out of this place here.
Welcome back to the Dungeon!
Level annotation: Jerry's ghost, novice MiBe The leopard gecko hisses angrily.
Jerry's ghost turns its malevolent gaze towards you.
The leopard gecko bites you. Jerry's ghost hits you!!
Ouch! That really hurt!
* * * LOW HITPOINT WARNING * * *
The leopard gecko barely misses you. Jerry's ghost hits you!!
Ouch! That really hurt!
You die...

,,,**,,**,* #...........*
,,,**,,**,* #...........*
,,,**,,**,* #...........*
*,,,,,,**,* #.#...#...,,*
******,**,* #.#≈≈≈#,,,,,*
,,,,**,**,* #.#≈≈≈#,,,,,*
,,,,**,,*,* #.#≈≈≈#,,<,,*
,,,,,,,,*,* #)#≈W≈#,,,,,*
,,,,**,,*,* #.#÷@≈#,,,,,*
,,,,**,,*,**#.#≈l≈#,,,,,*
,**,**,,*,,,W.#≈≈≈#,,,,,*
,**,**,,,,,####≈≈≈#******
,**,**,*,,.# #≈≈≈#
,,*,**,,,..# *#...#*
***,*###S..# *.....*
*,,,,#<.)..# *.####*
*,#...#...(# *,*


You could see Jerry's ghost and a leopard gecko.

Vanquished Creatures
  A water moccasin skeleton (D:4)
  A hound (D:4)
  3 worker ants
  A hound skeleton (D:4)
  7 adders
  2 worms (Sewer)
  A dart slug (D:2)
  A leopard gecko (D:2)
  6 orcs
  5 ball pythons
  3 giant cockroaches
  3 goblins
  3 hobgoblins
  8 kobolds
  8 bats
  2 frilled lizards (D:3)
  A leopard gecko skeleton (D:4)
  6 rats
62 creatures vanquished.

Vanquished Creatures (collateral kills)
  An adder (Sewer)
  2 oozes
  A leopard gecko (D:5)
  3 orcs (D:3)
  2 giant cockroaches (D:5)
  A goblin (D:3)
  A hobgoblin (D:2)
  7 jackals
  2 kobolds (Sewer)
  A ball python (Sewer)
  A frilled lizard (D:3)
  A rat (D:3)
23 creatures vanquished.

Grand Total: 85 creatures vanquished

Notes
Turn   | Place    | Note
-------+----------+-------------------------------------------
     0 | D:1      | Patchouli the Deep Elf Wizard began the quest for the Orb.
     0 | D:1      | Reached XP level 1. HP: 10/10 MP: 7/7
   361 | D:1      | Reached XP level 2. HP: 7/15 MP: 3/9
   365 | D:1      | Learned a level 2 spell: Call Imp
   368 | D:1      | Learned a level 2 spell: Blink
   491 | D:2      | Reached skill level 5 in Spellcasting
   679 | D:3      | Reached XP level 3. HP: 15/20 MP: 7/11
   708 | D:3      | Learned a level 3 spell: Mephitic Cloud
   712 | D:3      | Learned a level 3 spell: Conjure Flame
  1677 | D:3      | Reached XP level 4. HP: 18/24 MP: 5/13
  1892 | D:4      | Reached skill level 1 in Fire Magic
  2233 | D:4      | Reached XP level 5. HP: 12/28 MP: 1/15
  2468 | D:4      | Noticed a phantom
  2477 | D:5      | Entered Level 5 of the Dungeon
  2477 | D:5      | Noticed Jerry's ghost (novice MiBe)
  2514 | D:4      | Reached skill level 1 in Fighting
  2514 | D:4      | Reached skill level 1 in Poison Magic
  2741 | D:5      | Reached skill level 6 in Spellcasting
  2765 | D:5      | Found a glowing drain.
  2781 | Sewer    | Entered a sewer
  3025 | Sewer    | Reached XP level 6. HP: 34/34 MP: 15/17
  3342 | D:5      | Mangled by Jerry's ghost

Skill      XL: |  1  2  3  4  5  6 |
---------------+-------------------+-----
Spellcasting   | 5 6 |  6.0
Conjurations   | 2 3 |  3.1
Fire Magic     | 1 |  1.5
Dodging        | 3 |  3.3
Fighting       | 1 |  1.0
Translocations | 2 |  2.4
Poison Magic   | 1 |  1.5
Summonings     | 2 |  2.1
Stealth        | |  2.4
Air Magic      | |  0.4

Action                   |  1- 3 |  4- 6 || total
-------------------------+-------+-------++-------
Melee: Dagger            |     9 |     2 ||    11
       Trident           |       |    40 ||    40
 Cast: Magic Dart        |    73 |    90 ||   163
       Call Imp          |     9 |    17 ||    26
       Mephitic Cloud    |     5 |     9 ||    14
  Use: Potion            |     2 |     2 ||     4
       Scroll            |       |     5 ||     5
 Stab: Confused          |     1 |       ||     1
       Sleeping          |       |     2 ||     2
  Eat: Chunk             |     2 |     6 ||     8
Armor: Robe              |     2 |    11 ||    13
Dodge: Dodged            |    22 |    58 ||    80
